 Dungeon Crawl Stone Soup version 0.30-a0-912-ge10d75a369 (webtiles) character file.

Game seed: 5552953152213812962

3080 Aequonox the Covert (level 9, -2/57 HPs)
             Began as a Vampire Enchanter on Mar 19, 2023.
             Was a Follower of Dithmenos.
             Slain by a vampire (12 damage)
             ... on level 5 of the Dungeon.
             The game lasted 00:30:28 (7610 turns).

Aequonox the Covert (Vampire Enchanter)             Turns: 7610, Time: 00:30:28

Health: -2/57      AC:  3    Str:  9    XL:     9   Next: 58%
Magic:  13/17      EV: 15    Int: 18    God:    Dithmenos [*.....]
Gold:   408        SH:  0    Dex: 16    Spells: 13/19 levels left

rFire   . . .      SeeInvis +    v - +2 dagger (pain)
rCold   . . .      Faith    .    (no shield)
rNeg    . . .      Spirit   .    b - +0 robe
rPois   .          Reflect  .    (no helmet)
rElec   .          Rampage  .    (no cloak)
rCorr   .                        F - +0 pair of gloves
Will    .....                    (no boots)
Stlth   +++++                    (no amulet)
HPRegen 0.49/turn                i - +4 ring of slaying
MPRegen 0.15/turn                B - +4 ring of slaying

@: confusing by touch, healing quickly, wreathed by umbra, invisible
A: alive, fangs 3, see invisible, vampiric 2
a: Exsanguinate, Renounce Religion


You were on level 5 of the Dungeon.
You worshipped Dithmenos.
Dithmenos was aware of your devotion.
You visited 2 branches of the dungeon, and saw 8 of its levels.

You collected 408 gold pieces.

Inventory:

Hand Weapons
 v - a +2 dagger of pain (weapon)
Missiles
 t - 7 poisoned darts (quivered)
 y - 3 boomerangs of dispersal
Armour
 a - a +0 scale mail of poison resistance
 b - a +0 robe (worn)
 q - a +2 chain mail of fire resistance
 F - a +0 pair of gloves (worn)
Magical Staves
 l - a staff of fire
Jewellery
 g - a ring of ice
 i - a +4 ring of slaying (left hand)
 B - a +4 ring of slaying (right hand)
Wands
 w - a wand of digging (1)
 x - a wand of flame (12)
 z - a wand of iceblast (21)
 D - a wand of charming (27)
Scrolls
 e - 2 scrolls of noise {unknown}
 h - 3 scrolls of identify
 j - 2 scrolls of magic mapping
 k - 3 scrolls of teleportation {unknown}
 m - a scroll of brand weapon {unknown}
 r - a scroll of silence {unknown}
 u - a scroll of blinking {unknown}
 A - a scroll of immolation {unknown}
 G - a scroll of fear {unknown}
Potions
 c - a potion of invisibility
 d - a potion of lignification
 f - a potion of brilliance {unknown}
 n - a potion of curing {unknown}
 o - 2 potions of degeneration {unknown}
 p - a potion of flight {unknown}
 s - 2 potions of mutation {unknown}
 C - a potion of magic {unknown}
 E - 3 potions of resistance


   Skills:
 + Level 6.3 Short Blades
 + Level 6.7 Dodging
 + Level 10.1 Stealth
 + Level 5.6 Spellcasting
 + Level 9.4 Hexes
 + Level 3.4 Necromancy


You had 13 spell levels left.
You knew the following spells:

 Your Spells              Type           Power      Damage    Failure   Level
a - Confusing Touch       Hex            39%        N/A       1%          3
b - Tukima's Dance        Hex            39%        N/A       1%          3

Your spell library contained the following spells:

 Spells                   Type           Power      Damage    Failure   Level
 Ensorcelled Hibernation  Hex/Ice        44%        N/A       2%          2
 Dazzling Flash           Conj/Hex       44%        N/A       5%          3
 Gell's Gravitas          Tloc           5%         N/A       36%         3
 Ozocubu's Armour         Ice            5%         N/A       36%         3
 Teleport Other           Tloc           5%         N/A       36%         3
 Freezing Cloud           Conj/Ice/Air   2%         6-21      98%         5
 Dispersal                Tloc           2%         N/A       100%        6
 Simulacrum               Ice/Necr       5%         N/A       100%        6
 Ozocubu's Refrigeration  Ice            2%         4d8       100%        7
 Polar Vortex             Ice            2%         N/A       100%        9


Dungeon Overview and Level Annotations

Branches:
Dungeon (7/15)             Temple (1/1) D:4

Altars:
Ashenzari
Cheibriados
Dithmenos
Fedhas
Hepliaklqana
Makhleb
Nemelex Xobeh
Qazlal
Sif Muna
Trog
Uskayaw
Vehumet
Xom

Shops:
D:2 (   D:3 =

Annotations:
D:3 Sigmund


Innate Abilities, Weirdness & Mutations

Your natural rate of healing is accelerated.
You have razor-sharp teeth.
You have supernaturally acute eyesight. (SInv)
You are afflicted with vampirism and can become a bat while bloodless.


Message History

The vampire is lightly damaged.
The vampire hits you! The vampire closely misses you.
The vampire points at you and mumbles some strange words.
You resist with some effort. The vampire hits you!
The vampire closely misses you.
There is an open door, spattered with blood here.
You bump into the metal wall.
The vampire casts a spell.
The vampire flickers and vanishes for a moment.
You puncture the vampire!
The vampire is moderately damaged.
The vampire hits you. The vampire bites you.
The vampire draws strength from your injuries!
You bump into the metal wall.
You feel less confused. The vampire hits you. The vampire bites you.
The vampire draws strength from your injuries!
You hit the vampire.
The vampire is moderately damaged.
The vampire misses you. x2
Casting: Confusing Touch (safe; 1% risk of failure)
Confirm with . or Enter, or press ? or * to list all spells.
Your hands begin to glow red.
The vampire misses you. The vampire barely misses you.
You hit the vampire but do no damage.
The vampire is moderately damaged.
You barely miss the vampire. You bite the vampire.
The vampire is heavily damaged.
The vampire barely misses you. The vampire bites you.
The vampire draws strength from your injuries!
You hit the vampire but do no damage.
The vampire is moderately damaged.
The vampire barely misses you. The vampire bites you!
* * * LOW HITPOINT WARNING * * *
The vampire draws strength from your injuries!
You hit the vampire but do no damage. Your bite misses the vampire.
The vampire is moderately damaged.
You fade into invisibility!
The vampire barely misses you. The vampire bites you!
You die...

..# ..# ..### #######
.[..####)....#
..#..........############
..######................#
..# #......#########.# # ###
####.#######...†....# #
####..#.#.....V@.....### #
##..[[.#.#..†..#......# #
..)###[#.#.....#......# #
.#..#....#.....#......# #
.#.###.###.....#.....)#
######### #.## #.#
##'#############........
##.# #.####....#Yw
..#.......... #.##
#....#....#...#..#.######...
.#.# #.#.##....+ ..#+##.###
#..##


You could see a vampire (invisible).

Vanquished Creatures
  Maggie (D:7)
  Prince Ribbit (D:5)
  Grinder (D:5)
  A wyvern (D:7)
  A sky beast (D:7)
  An orc warrior (D:7)
  3 ice beasts
  A black bear (D:5)
  2 ogres (D:6)
  2 phantoms
  2 scorpions
  4 killer bees (D:7)
  A howler monkey (D:5)
  5 hounds
  A jelly (D:5)
  4 orc priests
  3 iguanas
  2 sleepcaps (D:5)
  Terence (D:2)
  9 orc wizards
  A gnoll (D:5)
  5 adders
  A shadow imp (D:5)
  4 white imps
  29 orcs
  9 endoplasms
  8 giant cockroaches
  13 goblins
  10 hobgoblins
  7 jackals
  3 kobolds
  5 quokkas
  11 ball pythons
  4 bats
  A frilled lizard (D:1)
  2 rats
159 creatures vanquished.

Vanquished Creatures (collateral kills)
  2 ogres
2 creatures vanquished.

Vanquished Creatures (others)
  21 plants (D:2)
21 creatures vanquished.

Grand Total: 182 creatures vanquished

Notes
Turn   | Place    | Note
-------+----------+-------------------------------------------
     0 | D:1      | Aequonox the Vampire Enchanter began the quest for the Orb.
     0 | D:1      | Reached XP level 1. HP: 13/13 MP: 3/3
   137 | D:1      | Reached XP level 2. HP: 19/19 MP: 5/5
   628 | D:1      | Gained mutation: You are afflicted with vampirism and can
                  | become a bat while bloodless. [Vampire growth]
   628 | D:1      | Reached XP level 3. HP: 24/24 MP: 6/6
   666 | D:1      | You fall into a shaft and drop 1 floor!
   719 | D:2      | Reached skill level 5 in Stealth
   848 | D:2      | Found Goshresh's Antique Weapon Emporium.
   886 | D:2      | Noticed Terence
   961 | D:2      | Reached skill level 5 in Hexes
  1512 | D:2      | Killed Terence
  1513 | D:2      | Reached XP level 4. HP: 25/30 MP: 7/7
  1787 | D:3      | Noticed Sigmund
  1936 | D:3      | Found Esuderyf's Jewellery Boutique.
  2579 | D:4      | Reached XP level 5. HP: 35/35 MP: 9/9
  3130 | D:4      | Learned a level 3 spell: Confusing Touch
  3134 | D:4      | Learned a level 3 spell: Tukima's Dance
  3187 | D:4      | Found a staircase to the Ecumenical Temple.
  3192 | Temple   | Entered the Ecumenical Temple
  3242 | Temple   | Became a worshipper of Dithmenos the Shadowed
  3297 | D:4      | Found a sparkling altar of Nemelex Xobeh.
  3337 | D:5      | Entered Level 5 of the Dungeon
  3369 | D:5      | Reached skill level 6 in Stealth
  3527 | D:5      | Reached XP level 6. HP: 35/41 MP: 10/10
  3610 | D:5      | Noticed an ice beast
  4237 | D:5      | Killed an ice beast
  4238 | D:5      | Reached XP level 7. HP: 46/46 MP: 4/12
  4309 | D:5      | Noticed Prince Ribbit
  4430 | D:5      | Noticed Grinder
  4684 | D:6      | Reached skill level 7 in Stealth
  5016 | D:6      | Found a broken altar of Ashenzari.
  5024 | D:6      | Found a radiant altar of Vehumet.
  5151 | D:6      | Reached * piety under Dithmenos
  5479 | D:6      | Reached skill level 5 in Dodging
  5479 | D:6      | Reached skill level 8 in Stealth
  5479 | D:6      | Reached XP level 8. HP: 39/52 MP: 2/14
  6193 | D:7      | Reached skill level 5 in Short Blades
  6346 | D:7      | Reached skill level 1 in Necromancy
  6415 | D:7      | Reached skill level 9 in Stealth
  6415 | D:7      | Reached skill level 5 in Spellcasting
  6508 | D:7      | Reached XP level 9. HP: 45/57 MP: 10/16
  7023 | D:7      | Noticed Maggie
  7037 | D:7      | Killed Maggie
  7062 | D:7      | Found a blossoming altar of Fedhas.
  7291 | D:5      | Killed Prince Ribbit
  7370 | D:5      | Killed Grinder
  7549 | D:5      | Reached skill level 10 in Stealth
  7610 | D:5      | Slain by a vampire

Illustrated notes

Levels and vault maps discovered:
D:1:      dpeg_arrival_prison, layout_basic
D:2:      layout_loops_ring, serial_shops, nicolae_shop_behind_doors,
          nicolae_grassy_gnolls, uniq_terence
D:3:      layout_basic, serial_shops, shop, kennysheep_potato, uniq_sigmund
D:4:      cheibrodos_greedy_goblins, layout_basic, mainiacjoe_overflow_alcove_4,
          minmay_temple_entry_proselytizer
D:5:      minmay_clustersquares, layout_rooms, amcnicky_mini_corridor_feature,
          roderic_roman_lattice, uniq_grinder, uniq_prince_ribbit1
D:6:      layout_basic, grunt_temple_overflow_diamond,
          nicolae_figureground_pulse
D:7:      layout_rooms, lemuel_doored_altar,
          minmay_a_box_with_orc_wizards_in_it, uniq_maggie
Temple:   nicolae_temple_great_sept

Skill      XL: |  1  2  3  4  5  6  7  8  9 |
---------------+----------------------------+-----
Stealth        | 5 6 8 9 10 | 10.1
Hexes          | 5 6 7 8 9 |  9.4
Short Blades   | 2 3 4 5 6 |  6.3
Dodging        | 3 4 5 6 |  6.7
Spellcasting   | 3 4 5 |  5.6
Necromancy     | 2 3 |  3.4

Action                     |  1- 3 |  4- 6 |  7- 9 || total
---------------------------+-------+-------+-------++-------
  Melee: Dagger            |   136 |   177 |   224 ||   537
         Bite              |    11 |    18 |    37 ||    66
         Punch             |     3 |     1 |     3 ||     7
   Cast: Confusing Touch   |       |     2 |    34 ||    36
         Tukima's Dance    |       |     1 |    11 ||    12
    Use: Potion            |     1 |       |     3 ||     4
         Scroll            |       |     1 |     1 ||     2
   Stab: Sleeping          |    10 |     8 |     8 ||    26
         Distracted        |       |     1 |       ||     1
         Confused          |       |       |    21 ||    21
 Armour: Robe              |    23 |    21 |    14 ||    58
  Dodge: Dodged            |    89 |   100 |   112 ||   301

Table legend: (Time is in decaauts)
 A = Elapsed time spent in this place.
 B = Non-inter-level travel time spent in this place.
 C = Inter-level travel time spent in this place.
 D = Time resting spent in this place.
 E = Time spent auto-exploring this place.
 F = Levels seen in this place.
 G = Mean time per level.
                   A        B        C        D        E       F      G
               +--------+--------+--------+--------+--------+-----+--------+
         Total |   7488 |   6703 |    785 |    771 |   3578 |   8 |  936.0 |
       Dungeon |   7425 |   6668 |    757 |    771 |   3553 |   7 | 1060.7 |
        Temple |     62 |     34 |     28 |      0 |     25 |   1 |   62.0 |
               +--------+--------+--------+--------+--------+-----+--------+

Top non-repeatable levels by time:
     D:6: 1487 daAuts
     D:4: 1373 daAuts
     D:5: 1156 daAuts
     D:2: 958 daAuts
     D:7: 909 daAuts
     D:1: 855 daAuts
     D:3: 685 daAuts
  Temple: 62 daAuts
